 Dungeon Crawl Stone Soup version 0.27-a0-1202-ge72e49191c (webtiles) character file.

Game seed: 4516862867845601401

17 polve the Skirmisher (level 2, -4/24 HPs)
             Began as a Demonspawn Abyssal Knight on June 4, 2021.
             Was a Follower of Lugonu.
             Frozen to death by an endoplasm (5 damage)
             ... on level 1 of the Dungeon.
             The game lasted 00:00:46 (1190 turns).

polve the Skirmisher (Demonspawn Abyssal Knight)    Turns: 1190, Time: 00:00:47

Health: -4/24      AC:  3    Str: 12    XL:     2   Next: 44%
Magic:  3/3        EV: 11    Int: 13    God:    Lugonu [*.....]
Gold:   47         SH:  0    Dex: 12    Spells: 1/1 levels left

rFire    . . .     SeeInvis .   a - +1 short sword
rCold    . . .     Faith    .   (no shield)
rNeg     . . .     Spirit   .   b - +0 leather armour
rPois    .         Reflect  .   (no helmet)
rElec    .         Harm     .   (no cloak)
rCorr    .         Rampage  .   (no gloves)
Will     .....                  (no boots)
Stlth    +.........             (no amulet)
HPRegen  0.08/turn              (no ring)
MPRegen  0.08/turn              (no ring)

@: no status effects
A: powered by pain 1, claws 1
a: Renounce Religion, Depart the Abyss


You were on level 1 of the Dungeon.
You worshipped Lugonu.
Lugonu was aware of your devotion.
You visited 1 branch of the dungeon, and saw 1 of its levels.
You visited the Abyss 1 time.

You collected 47 gold pieces.

Inventory:

Hand Weapons
 a - a +1 short sword (weapon)
Armour
 b - a +0 leather armour (worn)
 d - a +0 pair of gloves
 i - a +2 helmet
Jewellery
 g - a +4 ring of slaying
Scrolls
 e - a scroll of identify {unknown}
 h - a scroll of blinking {unknown}
 j - a scroll of acquirement {unknown}
Potions
 c - 2 potions of curing {unknown}
 f - a potion of flight {unknown}


   Skills:
 - Level 3.0 Fighting
 + Level 2.8 Short Blades
 - Level 1.7 Armour
 - Level 0.8 Dodging
 - Level 2.4 Invocations


You had one spell level left.
You didn't know any spells.
Your spell library was empty.

Dungeon Overview and Level Annotations

Branches:
Dungeon (1/15)

Altars:


Innate Abilities, Weirdness & Mutations

You sometimes gain a little power by taking damage.
You have sharp fingernails.


Message History

You hit the dart slug.
The dart slug is almost dead.
The endoplasm hits you but does no damage.
The dart slug closely misses you.
You barely miss the dart slug.
The dart slug is almost dead.
The endoplasm closely misses you.
You barely miss the dart slug.
The dart slug is almost dead.
The endoplasm closely misses you. The dart slug launches a dart at you.
The slug dart hits you.
You hit the dart slug.
You kill the dart slug!
Lugonu accepts your kill. The endoplasm freezes you.
You are frozen.
A frilled lizard comes into view.
The frilled lizard hisses angrily.
The frilled lizard bites you.
* * * LOW HITPOINT WARNING * * *
You barely miss the endoplasm. The endoplasm freezes you.
You are frozen.
* * * LOW HITPOINT WARNING * * *
The frilled lizard closely misses you.
Your leather armour prevents you from hitting the endoplasm.
The endoplasm freezes you.
You are frozen.
* * * LOW HITPOINT WARNING * * *
The frilled lizard barely misses you.
You hit the frilled lizard.
You kill the frilled lizard!
Lugonu accepts your kill. The endoplasm barely misses you.
You hit the endoplasm.
The endoplasm is lightly wounded.
The endoplasm freezes you.
You are frozen.
You die...

......######...##
................#
......######...##
......# ##.##
.###### #.# +#
#.# #.# ####.####
#.....J@#
#...#.##†#
+........##.#
####...#.##.#
##....##.#
##..###.# #.. #.#
#.. #.#


You could see an endoplasm.

Vanquished Creatures
  A dart slug (D:1)
  2 endoplasms (D:1)
  A giant cockroach (D:1)
  4 goblins (D:1)
  A ball python (D:1)
  3 frilled lizards (D:1)
  2 kobolds (D:1)
  2 rats (D:1)
16 creatures vanquished.

Notes
Turn   | Place    | Note
-------+----------+-------------------------------------------
     0 | Abyss:1  | polve the Demonspawn Abyssal Knight began the quest for the
                  | Orb.
     0 | Abyss:1  | Reached XP level 1. HP: 18/18 MP: 2/2
   181 | Abyss:1  | Noticed a wraith
   214 | Abyss:1  | Noticed a neqoxec
   217 | Abyss:1  | Gained mutation: You have sharp fingernails. [a neqoxec]
   218 | D:1      | Escaped the Abyss
   454 | D:1      | Found a faded altar of an unknown god.
   481 | D:1      | Gained mutation: You sometimes gain a little power by
                  | taking damage. [demonic ancestry]
   481 | D:1      | Reached XP level 2. HP: 13/24 MP: 3/3
   664 | D:1      | Reached * piety under Lugonu
  1188 | D:1      | HP: 1/24 [frozen (2)]
  1190 | D:1      | Frozen to death by an endoplasm

Illustrated notes

Levels and vault maps discovered:
D:1:      dpeg_arrival_rooms_a, layout_loops_corners, basic_ecumenical_altar

Skill      XL: |  1 |
---------------+----+-----
Short Blades   | 2 |  2.8
Fighting       | |  3.0
Armour         | |  1.7
Dodging        | |  0.8
Invocations    | |  2.4

Action                   || total
-------------------------++-------
Melee: Short sword       ||    48
Invok: Depart the Abyss  ||     1
Armor: Leather armour    ||     8
Dodge: Dodged            ||    18

Table legend: (Time is in decaauts)
 A = Elapsed time spent in this place.
 B = Non-inter-level travel time spent in this place.
 C = Inter-level travel time spent in this place.
 D = Time resting spent in this place.
 E = Time spent auto-exploring this place.
 F = Levels seen in this place.
 G = Mean time per level.
                   A        B        C        D        E       F      G
               +--------+--------+--------+--------+--------+-----+--------+
         Total |   1188 |   1188 |      0 |      0 |   1049 |   2 |  594.0 |
       Dungeon |    970 |    970 |      0 |      0 |    871 |   1 |  970.0 |
         Abyss |    218 |    218 |      0 |      0 |    178 |   1 |  218.0 |
               +--------+--------+--------+--------+--------+-----+--------+

Top non-repeatable levels by time:
     D:1: 970 daAuts
 Abyss:1: 218 daAuts
